 Dungeon Crawl Stone Soup version 0.30-a0-359-gd0147acb1a (webtiles) character file.

Game seed: 17850876676450056960

201 Conn the Conjurer (level 5, 0/28 HPs)
             Began as a Deep Elf Conjurer on Nov 12, 2022.
             Was an Initiate of Sif Muna.
             Slain by a river rat (2 damage)
             ... in a sewer.
             The game lasted 00:08:04 (2192 turns).

Conn the Conjurer (Deep Elf Conjurer)               Turns: 2192, Time: 00:08:04

Health: 0/28       AC:  2    Str:  4    XL:     5   Next: 50%
Magic:  13/14      EV: 12    Int: 25    God:    Sif Muna [......]
Gold:   167        SH:  0    Dex: 13    Spells: 12/13 levels left

rFire   . . .      SeeInvis .    d - +0 dagger
rCold   . . .      Faith    .    (no shield)
rNeg    . . .      Spirit   .    a - +0 robe
rPois   .          Reflect  .    (no helmet)
rElec   .          Harm     .    (no cloak)
rCorr   .          Rampage  .    (no gloves)
Will    .....                    (no boots)
Stlth   +.........               e - amulet of the acrobat
HPRegen 0.24/turn                (no ring)
MPRegen 0.14/turn                (no ring)

@: mighty, brilliant, silenced, weak-willed
A: no striking features
a: Renounce Religion


You were in a sewer.
You worshipped Sif Muna.
Sif Muna was noncommittal.
You visited 1 branch of the dungeon, and saw 3 of its levels.
You also visited: Sewer.

You collected 167 gold pieces.

Inventory:

Hand Weapons
 d - a +0 dagger (weapon)
Missiles
 m - 2 poisoned darts
Armour
 a - a +0 robe (worn)
Magical Staves
 s - a staff of air
Jewellery
 e - an amulet of the acrobat (around neck)
 r - an amulet of guardian spirit
Scrolls
 i - a scroll of enchant armour {unknown}
 j - 2 scrolls of butterflies {unknown}
 k - a scroll of amnesia {unknown}
 l - a scroll of fear {unknown}
 n - a scroll of identify
 o - a scroll of poison {unknown}
 p - a scroll of blinking {unknown}
 u - a scroll of teleportation {unknown}
Potions
 b - a potion of magic
 t - 4 potions of flight
 v - a potion of mutation


   Skills:
 + Level 0.3 Fighting
 + Level 1.0 Short Blades
 + Level 2.8 Dodging
 + Level 3.6 Stealth
 + Level 0.6 Unarmed Combat
 + Level 4.6 Spellcasting
 + Level 5.9 Conjurations


You had 12 spell levels left.
You knew the following spells:

 Your Spells              Type           Power      Damage    Failure   Level
a - Magic Dart            Conj           100%       1d8       1%          1

Your spell library contained the following spells:

 Spells                   Type           Power      Damage    Failure   Level
 Searing Ray              Conj           100%       2d8       1%          2
 Static Discharge         Conj/Air       60%        2-5/arc   3%          2
 Dazzling Flash           Conj/Hex       60%        N/A       8%          3
 Vhi's Electric Charge    Tloc/Air       16%        N/A       26%         3
 Fulminant Prism          Conj/Hex       15%        3d10      26%         4
 Iskenderun's Mystic Bla  Conj/Tloc      30%        2d8       26%         4
 Arcjolt                  Conj/Air       15%        1d25      56%         5
 Lightning Bolt           Conj/Air       15%        1d29      56%         5


Dungeon Overview and Level Annotations

Branches:
Dungeon (3/15)              Sewer (1/1)

Altars:
Sif Muna

Shops:
D:2 [

Annotations:
D:2 Robin


Message History

* * * LOW HITPOINT WARNING * * *
The river rat closely misses you. x2
You feel better. The river rat barely misses you. x2
The river rat bites you but does no damage.
It was a potion of brilliance.
You feel clever all of a sudden. The river rat misses you.
The river rat barely misses you. The river rat closely misses you.
Okay, then.
Unknown command.
Unknown command.
You puncture the river rat!
You kill the river rat!
Sif Muna accepts your kill. The river rat misses you.
The river rat barely misses you.
Okay, then.
Unknown command.
Unknown command.
Unknown command.
Unknown command.
You puncture the river rat!
You kill the river rat!
Sif Muna accepts your kill.
Your Short Blades skill increases to level 1!
You closely miss the river rat. The river rat bites you.
* * * LOW HITPOINT WARNING * * *
You hit the river rat.
The river rat is moderately wounded.
The river rat bites you.
* * * LOW HITPOINT WARNING * * *
Okay, then.
Unknown command.
Unknown command.
Unknown command.
Unknown command.
Unknown command.
You closely miss the river rat.
The river rat is moderately wounded.
The river rat bites you.
You die...

#################################
≈≈~~~.~~.~..~~~~~~~~~..~..~~†~~~~
≈≈.≈≈≈≈≈≈≈≈≈≈≈≈≈≈≈≈≈≈≈≈≈≈≈≈≈≈≈≈≈≈
≈≈~≈~~.~~.~~~~~~~~.~~~~~.~.~~~~~.
##~≈~#######################~≈~##
#~≈~# ###### #~≈~# #.≈~# #...!#
#~≈~# #†≈~#####''#####++#####
#.≈~# #.~~~.~........@.....∩#
#~≈.# #.~~~~..........r....∩#
#~≈~#####''#####''##### #.≈~#
#....# ....# #.≈~# ###### ######
#~≈~# #~≈~~~ #~≈~≈≈≈ #†≈~~.~.~


You could see a river rat (weak-willed).

Vanquished Creatures
  A hound (D:3)
  Jessica (D:3)
  Natasha (D:3)
  2 river rats (Sewer)
  2 adders (D:3)
  2 worms (D:2)
  3 dart slugs
  An orc (D:3)
  13 ball pythons
  6 bats
  4 endoplasms
  A giant cockroach (Sewer)
  9 goblins
  4 hobgoblins (D:1)
  3 jackals (D:2)
  5 quokkas
  3 frilled lizards
  5 kobolds
  2 rats
68 creatures vanquished.

Vanquished Creatures (others)
  4 fungi (D:2)
  A plant (D:2)
5 creatures vanquished.

Grand Total: 73 creatures vanquished

Notes
Turn   | Place    | Note
-------+----------+-------------------------------------------
     0 | D:1      | Conn the Deep Elf Conjurer began the quest for the Orb.
     0 | D:1      | Reached XP level 1. HP: 10/10 MP: 6/6
   176 | D:1      | Reached XP level 2. HP: 15/15 MP: 4/8
   350 | D:1      | Reached skill level 5 in Conjurations
   608 | D:1      | Reached XP level 3. HP: 19/19 MP: 2/9
   950 | D:2      | Found Riolir's Antique Armour Emporium.
  1534 | D:2      | Noticed Robin
  1609 | D:3      | Reached XP level 4. HP: 13/24 MP: 4/11
  1716 | D:3      | Found a shimmering blue altar of Sif Muna.
  1724 | D:3      | Became a worshipper of Sif Muna the Loreminder
  1734 | D:3      | Noticed Natasha
  1739 | D:3      | Killed Natasha
  1753 | D:3      | Noticed Jessica
  1758 | D:3      | Killed Jessica
  1810 | D:3      | Reached XP level 5. HP: 27/28 MP: 5/13
  1866 | D:3      | Found a glowing drain.
  1873 | Sewer    | Entered a sewer
  2185 | Sewer    | HP: 1/28 [river rat (7)]
  2190 | Sewer    | Reached skill level 1 in Short Blades
  2192 | Sewer    | Slain by a river rat

Illustrated notes

Levels and vault maps discovered:
D:1:      wheals_arrival_shading, layout_basic, feat_on_display
D:2:      cheibrodos_old_hovel, layout_basic, serial_shops, shop,
          chequers_serial_rivers_large_a, patterned_corridor,
          uniq_crazy_yiuf_cottage, uniq_robin
D:3:      layout_loops_corners, kennysheep_okawaru_gauntlet,
          mainiacjoe_overflow_surrounded_room, cheibrodos_sewer_entry_drain,
          serial_park_tiny_pond, uniq_ijyb, uniq_jessica, uniq_natasha
Sewer:    sewer_fruit_machine

Skill      XL: |  1  2  3  4  5 |
---------------+----------------+-----
Conjurations   | 5 |  5.9
Stealth        | 3 |  3.6
Spellcasting   | 4 |  4.6
Short Blades   | 1 |  1.0
Fighting       | |  0.3
Dodging        | |  2.8
Unarmed Combat | |  0.6

Action                   |  1- 3 |  4- 6 || total
-------------------------+-------+-------++-------
Melee: Unarmed           |     2 |       ||     2
       Dagger            |    21 |    13 ||    34
       Punch             |     1 |       ||     1
 Cast: Magic Dart        |    83 |    42 ||   125
  Use: Scroll            |     1 |     2 ||     3
       Potion            |       |     6 ||     6
 Stab: Sleeping          |     2 |     1 ||     3
Armor: Robe              |     8 |     3 ||    11
Dodge: Dodged            |    19 |    33 ||    52

Table legend: (Time is in decaauts)
 A = Elapsed time spent in this place.
 B = Non-inter-level travel time spent in this place.
 C = Inter-level travel time spent in this place.
 D = Time resting spent in this place.
 E = Time spent auto-exploring this place.
 F = Levels seen in this place.
 G = Mean time per level.
                   A        B        C        D        E       F      G
               +--------+--------+--------+--------+--------+-----+--------+
         Total |   2243 |   2243 |      0 |      0 |   1449 |   4 |  560.8 |
       Dungeon |   1882 |   1882 |      0 |      0 |   1193 |   3 |  627.3 |
         Sewer |    361 |    361 |      0 |      0 |    256 |   1 |  361.0 |
               +--------+--------+--------+--------+--------+-----+--------+

Top non-repeatable levels by time:
     D:1: 947 daAuts
     D:2: 590 daAuts
   Sewer: 361 daAuts
     D:3: 343 daAuts
